 Dungeon Crawl Stone Soup version 0.25-a0-1130-g3926558f3a (webtiles) character file.

Game seed: 3044950983816208551, levelgen mode: deterministic

5938 kae the Impaler (level 10, -1/63 HPs)
             Began as a Merfolk Ice Elementalist on May 19, 2020.
             Was a Believer of Makhleb.
             Slain by an elephant (5 damage)
             ... on level 9 of the Dungeon.
             The game lasted 00:11:03 (13104 turns).

kae the Impaler (Merfolk Ice Elementalist)         Turns: 13104, Time: 00:11:04

Health: -1/63      AC: 12    Str: 11    XL:     10   Next: 83%
Magic:  8/17       EV: 13    Int: 15    God:    Makhleb [**....]
Gold:   413        SH:  0    Dex: 15    Spells: 12/19 levels left

rFire    + . .     SeeInvis .   H - +7 spear
rCold    + . .     Gourm    .   (no shield)
rNeg     . . .     Faith    .   G - +0 steam dragon scales
rPois    .         Spirit   .   (no helmet)
rElec    .         Reflect  .   r - scarf {rC+ rF+}
rCorr    +         Harm     .   m - +0 pair of gloves
MR       .....                  (no boots)
Stlth    ++........             f - amulet of magic regeneration
HPRegen  0.20/turn              (no ring)
MPRegen  0.40/turn              u - ring of resist corrosion

@: icy armour
A: change form in water, swift swim, stealthy swim
a: Minor Destruction, Renounce Religion


You were on level 9 of the Dungeon.
You worshipped Makhleb.
Makhleb was pleased with you.
You were near starving.

You visited 2 branches of the dungeon, and saw 11 of its levels.
You also visited: Sewer.

You collected 413 gold pieces.

Inventory:

Hand Weapons
 e - a +0 spear
 F - a +0 halberd
 H - a +7 spear (weapon)
Armour
 a - a +0 robe
 m - a +0 pair of gloves (worn)
 r - a scarf of resistance (worn)
 G - +0 steam dragon scales (worn)
Jewellery
 f - an amulet of magic regeneration (around neck)
 u - a ring of resist corrosion (right hand)
 y - an uncursed amulet of the acrobat
 A - an uncursed ring of stealth
 B - an uncursed ring of poison resistance {unknown}
 E - an uncursed ring of stealth
 J - an uncursed amulet of guardian spirit {unknown}
Wands
 l - a wand of disintegration (19)
 n - a wand of enslavement (14)
 t - a wand of paralysis (12)
Scrolls
 b - a scroll of remove curse
 g - 4 scrolls of teleportation
 w - a scroll of fear
 D - a scroll of blinking
Potions
 d - 4 potions of stabbing
 h - 6 potions of lignification
 i - a potion of heal wounds
 j - a potion of haste
 k - 2 potions of brilliance
 o - a potion of ambrosia
 p - a potion of cancellation
 q - 4 potions of flight
 s - 7 potions of curing
 v - a potion of berserk rage
 x - a potion of resistance {unknown}
 z - a potion of might {unknown}
 C - a potion of mutation {unknown}
Comestibles
 c - 16 rations


   Skills:
 + Level 15.0 Polearms
 - Level 2.6 Dodging
 - Level 2.1 Stealth
 - Level 7.6 Unarmed Combat
 - Level 5.0 Spellcasting
 - Level 9.1 Ice Magic


You had 12 spell levels left.
You knew the following spells:

 Your Spells              Type           Power        Failure   Level  Hunger
a - Freeze                Ice            ####         1%          1    None
b - Frozen Ramparts       Ice            ####..       1%          3    ###....
c - Ozocubu's Armour      Chrm/Ice       ###.....     8%          3    ###....

Your spell library contained the following spells:

 Spells                   Type           Power        Failure   Level  Hunger
 Sandblast                Erth           #.....       16%         1    None
 Passwall                 Tmut/Erth      #.......     24%         2    ##.....
 Hailstorm                Conj/Ice       ###.....     26%         4    ####...
 Summon Ice Beast         Ice/Summ       ###.....     26%         4    ####...
 Stone Arrow              Conj/Erth      #.....       43%         3    ###....
 Petrify                  Tmut/Erth      #.......     85%         4    ####...
 Lee's Rapid Deconstruct  Erth           #.........   99%         5    ######.


Dungeon Overview and Level Annotations

Branches:
Dungeon (10/15)            Temple (1/1) D:7            Lair (0/6) D:10
  Sewer (visited)
    Orc: D:9-12

Altars:
Ashenzari
Cheibriados
Dithmenos
Elyvilon
Fedhas
Gozag
Hepliaklqana
Kikubaaqudgha
Makhleb
Nemelex Xobeh
Okawaru
Qazlal
Ru
Sif Muna
Trog
Uskayaw
Vehumet
Wu Jian
Xom
Yredelemnul
Zin
The Shining One

Annotations:
D:1 exclusion: gnoll
D:3 exclusion: ice beast, Terence
D:4 1 runed translucent door, Crazy Yiuf
D:7 exclusion: centaur
D:9 exclusion: two-headed ogre, Harold
D:10 Erolcha


Message History

The elephant trunk-slaps you but does no damage.
Casting: Freeze (safe; 1% risk of failure)
Confirm with . or Enter, or press ? or * to list all spells.
Aiming: Freeze (safe; 1% risk of failure)
Press: ? - help, Shift-Dir - straight line, f/p - elephant
Aim: an elephant (severely wounded)
You freeze the elephant!
The elephant is almost dead.
The frozen ramparts melt away.
The elephant tramples you!
* * * LOW HITPOINT WARNING * * *
You stumble backwards!
Casting: Freeze (safe; 1% risk of failure)
Confirm with . or Enter, or press ? or * to list all spells.
Aiming: Freeze (safe; 1% risk of failure)
Press: ? - help, Shift-Dir - straight line, f/p - elephant
Aim: an elephant (almost dead)
You freeze the elephant.
The elephant is almost dead.
The elephant tramples you.
You die...

### #####.# #.....#
#.###.# ##### #.# #.#
#@..# #.# #.# #Y#.# #.#
#.# #.#.# ###.# #.###
#.#.# #...# #.... #.#.#
##.#.###..##
#.#.###.....#.....
########>.......#........
#..............###...|.#.
##.###.....##..# #..##...


You could see an elephant.

Vanquished Creatures
  Pikel (D:8)
  Maggie (D:8)
  2 trolls
  2 hornets
  A hippogriff (D:8)
  A shadow (D:10)
  Grum (D:9)
  Edmund (D:5)
  A water moccasin (D:9)
  2 orc warriors
  4 sky beasts
  2 slaves (D:8)
  A necrophage (D:8)
  A hornet zombie (D:9)
  An ice beast (D:9)
  A phantom (D:8)
  7 ogres
  2 wolves (D:9)
  3 centaurs
  2 crocodiles
  2 big kobolds
  4 bullfrogs
  A gnoll sergeant (D:8)
  A water moccasin skeleton (D:6)
  A scorpion (D:8)
  3 crimson imps
  2 bullfrog zombies
  A centaur skeleton (D:5)
  2 hounds
  A jelly (D:6)
  6 orc priests
  A bullfrog skeleton (D:10)
  3 worker ants
  Ijyb (D:5)
  5 orc wizards
  A howler monkey skeleton (D:6)
  7 adders
  8 gnolls
  A river rat (D:5)
  A shadow imp (D:10)
  An ooze (D:2)
  2 adder zombies
  5 worms
  3 dart slugs
  2 leopard geckos
  27 orcs
  5 ball pythons
  4 bats
  2 giant cockroaches
  3 goblins
  4 hobgoblins
  7 jackals
  6 quokkas
  5 frilled lizards
  2 giant cockroach zombies
  24 kobolds
  A leopard gecko skeleton (D:6)
  9 rats
201 creatures vanquished.

Vanquished Creatures (others)
  A centaur (D:8)
1 creature vanquished.

Grand Total: 202 creatures vanquished

Notes
Turn   | Place    | Note
-------+----------+-------------------------------------------
     0 | D:1      | kae the Merfolk Ice Elementalist began the quest for the
                  | Orb.
     0 | D:1      | Reached XP level 1. HP: 13/13 MP: 3/3
   494 | D:1      | Reached XP level 2. HP: 9/19 MP: 3/5
  1720 | D:2      | Reached skill level 1 in Unarmed Combat
  1812 | D:2      | Reached skill level 5 in Ice Magic
  1812 | D:2      | Reached XP level 3. HP: 23/24 MP: 2/6
  2158 | D:2      | Found a stormy altar of Qazlal.
  2615 | D:2      | Found a basalt altar of Yredelemnul.
  2933 | D:3      | Reached XP level 4. HP: 30/30 MP: 5/7
  3562 | D:3      | Noticed an ice beast
  3870 | D:3      | Found a blossoming altar of Fedhas.
  3883 | D:3      | Noticed Terence
  4151 | D:4      | Reached XP level 5. HP: 35/35 MP: 6/9
  4228 | D:4      | Found a snail-covered altar of Cheibriados.
  4288 | D:4      | Noticed an ogre
  4308 | D:3      | Learned a level 3 spell: Frozen Ramparts
  4312 | D:3      | Learned a level 3 spell: Ozocubu's Armour
  4378 | D:4      | Killed an ogre
  4423 | D:4      | Noticed a phantom
  4567 | D:4      | Reached XP level 6. HP: 41/41 MP: 6/10
  4618 | D:4      | Found a runed translucent door.
  4619 | D:4      | Noticed Crazy Yiuf
  4745 | D:4      | Found a bloodstained altar of Trog.
  4990 | D:4      | Found a sparkling altar of Nemelex Xobeh.
  5082 | D:5      | Entered Level 5 of the Dungeon
  5353 | D:5      | Found a sparkling altar of Nemelex Xobeh.
  5360 | D:5      | Noticed Ijyb
  5383 | D:5      | Killed Ijyb
  5592 | D:5      | Reached XP level 7. HP: 46/46 MP: 9/12
  5645 | D:5      | Found a radiant altar of Vehumet.
  5658 | D:5      | Found a sacrificial altar of Ru.
  5691 | D:5      | Found a glowing drain.
  5703 | Sewer    | Entered a sewer
  6683 | D:5      | Reached skill level 5 in Unarmed Combat
  6893 | D:5      | Noticed Edmund
  6903 | D:5      | Killed Edmund
  7286 | D:6      | Reached XP level 8. HP: 52/52 MP: 9/14
  7555 | D:6      | Found a glowing silver altar of Zin.
  8177 | D:6      | Found a hide-covered altar of Uskayaw.
  8399 | D:7      | Found an opulent altar of Gozag.
  9002 | D:7      | Found a staircase to the Ecumenical Temple.
  9007 | D:7      | Reached XP level 9. HP: 57/57 MP: 13/16
  9012 | Temple   | Entered the Ecumenical Temple
  9089 | Temple   | Became a worshipper of Makhleb the Destroyer
  9148 | D:7      | Reached skill level 5 in Spellcasting
  9216 | D:7      | Found a glowing silver altar of Zin.
  9495 | D:8      | Reached skill level 2 in Polearms
  9666 | D:8      | Reached skill level 4 in Polearms
  9832 | D:8      | Reached skill level 5 in Polearms
  9905 | D:8      | Noticed Maggie
  9924 | D:8      | Killed Maggie
  9924 | D:8      | Reached skill level 7 in Polearms
 10135 | D:8      | Reached skill level 8 in Polearms
 10169 | D:8      | Reached * piety under Makhleb
 10291 | D:8      | Noticed a hornet
 10292 | D:8      | Noticed Pikel
 10303 | D:8      | Killed a hornet
 10303 | D:8      | Reached skill level 9 in Polearms
 10309 | D:8      | Killed Pikel
 10309 | D:8      | Reached skill level 11 in Polearms
 10309 | D:8      | Reached XP level 10. HP: 43/63 MP: 12/17
 10708 | D:8      | Found a white marble altar of Elyvilon.
 11026 | D:9      | Noticed a two-headed ogre
 11040 | D:9      | Reached skill level 12 in Polearms
 11081 | D:9      | Found a hazy altar of Hepliaklqana.
 11504 | D:9      | Noticed Grum
 11515 | D:9      | Killed Grum
 11527 | D:9      | Reached skill level 13 in Polearms
 11658 | D:9      | Reached ** piety under Makhleb
 11777 | D:9      | Found a shadowy altar of Dithmenos.
 11946 | D:9      | Noticed Harold
 12112 | D:9      | Reached skill level 14 in Polearms
 12241 | D:10     | Entered Level 10 of the Dungeon
 12647 | D:10     | Noticed Erolcha
 12746 | D:10     | Found a staircase to the Lair.
 12746 | D:10     | Noticed an elephant
 12848 | D:10     | Noticed a death yak
 13096 | D:9      | Reached skill level 15 in Polearms
 13103 | D:9      | HP: 3/63 [elephant (12)]
 13104 | D:9      | Slain by an elephant

Illustrated notes

Levels and vault maps discovered:
D:1:      tarquinn_simple_flora_water_c, layout_basic
D:2:      minmay_inner_zag, layout_basic, grunt_qazlal_sundering,
          lemuel_coloured_pillars_altar
D:3:      layout_loops_ring, fedhas_altar_fruit_tree, uniq_terence
D:4:      layout_rooms, lemuel_doored_altar, lightli_temple_of_fire,
          first_ration, nemelex_spade_bored_becter, uniq_crazy_yiuf_cottage
D:5:      layout_loops_cross, nemelex_xobeh_ov_fountains_minmay,
          amethyst_overflow_temple_binary, cheibrodos_sewer_entry_sluice,
          uniq_ijyb, uniq_edmund
D:6:      layout_basic, eat_drink_and_be_merry_uskayaw, basic_altar
D:7:      layout_gridville, zin_scriptorium, minmay_temple_entry_proselytizer,
          the_bakery, kb_lookout_dungeons_type, nicolae_gozag_seed_capital
D:8:      layout_basic, elyvilon_altar_3, uniq_pikel, uniq_maggie
D:9:      layout_basic, nicolae_dithmenos_shadow_blocks,
          overflow_temple_1_default, uniq_harold, uniq_grum
D:10:     layout_long_grid, david_lair_generic, orc_0_dummy, basic_altar,
          uniq_erolcha
Temple:   dpeg_three_leaves_temple

Skill      XL: |  1  2  3  4  5  6  7  8  9 10 |
---------------+-------------------------------+-----
Unarmed Combat | 1 2 3 4 5 7 |  7.6
Ice Magic      | 5 6 7 9 |  9.1
Spellcasting   | 3 4 5 |  5.0
Polearms       | 11 15 | 15.0
Dodging        | |  2.6
Stealth        | |  2.1

Action                   |  1- 3 |  4- 6 |  7- 9 | 10-12 || total
-------------------------+-------+-------+-------+-------++-------
Melee: Unarmed           |    15 |       |       |       ||    15
       Spear             |    68 |    43 |   107 |   123 ||   341
       Punch             |       |       |     1 |     4 ||     5
       Halberd           |       |       |    49 |       ||    49
 Cast: Freeze            |    35 |    59 |   119 |    45 ||   258
       Frozen Ramparts   |       |     3 |    26 |    18 ||    47
       Ozocubu's Armour  |       |       |     2 |     3 ||     5
  Use: Scroll            |       |    15 |     5 |     2 ||    22
       Potion            |       |       |       |     2 ||     2
 Stab: Sleeping          |     9 |     4 |     6 |     2 ||    21
  Eat: Chunk             |     7 |     5 |    13 |     9 ||    34
       Ration            |       |     1 |     1 |       ||     2
Armor: Robe              |    12 |     7 |    23 |       ||    42
       Steam dragon scal |       |       |    12 |    32 ||    44
Dodge: Dodged            |    59 |    36 |   142 |    79 ||   316

Table legend:
 A = Non-vault XP
 B = Vault XP
 C = Vault XP percentage of total XP
 D = Non-vault monster count
 E = Vault monster count
 F = Vault count percentage of total count
                 A         B        C        D         E       F
            +---------+---------+-------+---------+---------+-------
      Total |    6585 |    1899 |  22.4 |     165 |      34 |  17.1
            +---------+---------+-------+---------+---------+-------
        D:1 |      22 |       0 |   0.0 |      11 |       0 |   0.0
        D:2 |      28 |      19 |  40.4 |      11 |       5 |  31.2
        D:3 |      93 |       0 |   0.0 |      21 |       0 |   0.0
        D:4 |     193 |       0 |   0.0 |       9 |       0 |   0.0
        D:5 |     459 |     213 |  31.7 |      21 |       5 |  19.2
        D:6 |     826 |       0 |   0.0 |      21 |       0 |   0.0
        D:7 |     566 |      41 |   6.8 |       7 |       1 |  12.5
        D:8 |    1639 |    1050 |  39.0 |      30 |       2 |   6.2
        D:9 |    2025 |     413 |  16.9 |      28 |       3 |   9.7
       D:10 |     734 |     100 |  12.0 |       6 |       1 |  14.3
      Sewer |       0 |      63 | 100.0 |       0 |      17 | 100.0
            +---------+---------+-------+---------+---------+-------
